 Dungeon Crawl Stone Soup version 0.31-a0-638-g26219f789d (webtiles) character file.

Game seed: 507807276150588185

787 Revguard the Ruffian (level 7, 0/59 (66) HPs)
             Began as a Troll Shapeshifter on Aug 27, 2023.
             Was a Follower of Makhleb.
             Slain by a wight
             ... wielding a +3 battleaxe of freezing
              (2 damage)
             ... on level 5 of the Dungeon.
             The game lasted 00:08:27 (3144 turns).

Revguard the Ruffian (Troll Shapeshifter)           Turns: 3144, Time: 00:08:30

HP:   0/59 (66)     AC:  4    Str: 22    XL:     7   Next: 56%
MP:   7/7           EV: 10    Int: 10    God:    Makhleb [*.....]
Gold: 153           SH:  5    Dex: 10    Spells: 6/6 levels left

rFire   + .          .
                       - Unarmed
rCold   + . .        (no shield)
rNeg    . . .        a - +0 animal skin
rPois   .            (helmet currently unavailable)
rElec   .            (cloak currently unavailable)
rCorr   .            (gloves unavailable)
SInv    .            (boots unavailable)
Will    +....        m - amulet of reflection
Stlth   +            r - ring of protection from cold
HPRegen 1.09/turn    (no ring)
MPRegen 0.10/turn

%: reflection
@: beast-form, heavily drained
A: beast (slay +2), large, unfitting armour, claws 3, regeneration 1, shaggy fur
1, tough skin 1, clever 1, fire resistance 1, strong-willed 1, evolution 1
a: Begin Untransformation, Renounce Religion


You were on level 5 of the Dungeon.
You worshipped Makhleb.
Makhleb was aware of your devotion.
You were a hulking beast.
You visited 1 branch of the dungeon, and saw 5 of its levels.

You collected 153 gold pieces.

Inventory:

Armour
 a - a +0 animal skin (worn)
Jewellery
 h - a ring of magical power
 m - an amulet of reflection (around neck)
 r - a ring of protection from cold (left claw)
Talismans
 c - a beast talisman (active)
 d - a flux talisman
Scrolls
 b - a scroll of noise
 e - 2 scrolls of vulnerability
 g - a scroll of amnesia
 i - a scroll of torment
 n - 2 scrolls of summoning
 o - a scroll of revelation
Potions
 f - 3 potions of curing
 j - a potion of ambrosia
 k - a potion of brilliance
 l - 2 potions of resistance {unknown}
 p - a potion of heal wounds {unknown}
 s - a potion of cancellation {unknown}


   Skills:
 + Level 2.8 Fighting
 + Level 2.6 Armour
 + Level 3.2 Dodging
 + Level 4.6 Unarmed Combat
 + Level 2.3 Invocations
 - Level 0.1 Evocations
 + Level 4.3 Shapeshifting


You had 6 spell levels left.
You didn't know any spells.
Your spell library contained the following spells:

 Spells                   Type           Power      Damage    Failure   Level
 Apportation              Tloc           0%         N/A       36%         1
 Necrotise                Necr           0%         1d4       36%         1
 Summon Small Mammal      Summ           0%         N/A       36%         1


Dungeon Overview and Level Annotations

Branches:
Dungeon (5/15)
 Temple: D:4-7

Altars:
Makhleb
Zin

Shops:
D:2 (::[


Innate Abilities, Weirdness & Mutations

You are a hulking beast.
Your limbs bulge with bestial killing power. (Slay +2)
You are too large for most types of armour.
You have claws for hands.
Your natural rate of healing is unusually fast.
You are covered in fur. (AC +1)
You have tough skin. (AC +1)
Your mind is acute. (Int +4, Str/Dex -1)
Your flesh is heat resistant. (rF+)
You are strong-willed. (Will+)
You have hidden genetic potential.


Message History

You feel better.
Found a stone staircase leading down.
Found a stone staircase leading down.
Found a robe.
Found a pair of boots.
Found a leather armour.
A wight comes into view. It is wielding a +2 dagger of freezing.
Found 8 stones.
You see here 20 gold pieces.
A wight comes into view.
It is wielding a +3 battleaxe of freezing and wearing a +1 robe of cold resistance.
You claw the wight!
The wight is heavily damaged.
You scratch the wight but do no damage.
The wight is heavily damaged.
The wight hits you with a +2 dagger of freezing!
You feel drained. The wight freezes you.
You closely miss the wight. You claw the wight.
The wight is heavily damaged.
The wight hits you but does no damage.
You claw the wight!
You destroy the wight!
Makhleb accepts your kill.
Your life force feels restored.
A wight comes into view. It is wielding a +0 spear.
Things that are here:
a +2 dagger of freezing; a +0 robe You block the wight's attack.
You scratch the wight but do no damage.
The wight hits you with a +3 battleaxe of freezing!
You feel drained. The wight freezes you.
You closely miss the wight.
The wight hits you with a +3 battleaxe of freezing!
You feel drained. The wight freezes you.
You scratch the wight.
The wight is moderately damaged.
The wight hits you from afar with a +0 spear.
The wight hits you with a +3 battleaxe of freezing!
* * * LOW HITPOINT WARNING * * *
You feel drained.
You die...

...#....##.....#.##.
.####...........#.......
...###.........^........
........###.##..........
.##....####.#...........
......># #........[.....
.......###........z.....
............#...........
...........>##..hz.#
...........###.)/..#
...........#[......#
...................##
............[$.........
..#................####
#.##..............##
#...............#
#...............#


You could see 2 wights.

Vanquished Creatures
  An ice beast (D:4)
  A phantom (D:4)
  3 scorpions (D:4)
  2 wights (D:5)
  A hound (D:4)
  2 iguanas (D:4)
  Natasha (twice) (D:3)
  4 gnolls (D:2)
  9 adders
  An ufetubus (D:5)
  2 dart slugs
  8 orcs
  8 endoplasms
  5 giant cockroaches
  2 goblins (D:3)
  7 hobgoblins
  10 jackals
  2 quokkas (D:1)
  5 ball pythons
  4 bats
  4 frilled lizards
  7 kobolds
  2 rats
92 creatures vanquished.

Notes
Turn   | Place    | Note
-------+----------+-------------------------------------------
     0 | D:1      | Revguard the Troll Shapeshifter began the quest for the
                  | Orb.
     0 | D:1      | Reached XP level 1. HP: 18/18 MP: 0/0
    82 | D:1      | Reached skill level 1 in Fighting
    84 | D:1      | Reached XP level 2. HP: 27/27 MP: 1/1
   526 | D:2      | Found Difaus's Antique Weapon Shoppe.
   618 | D:2      | Found Narghoib's Book Shoppe.
   633 | D:2      | Reached XP level 3. HP: 33/33 MP: 2/2
   705 | D:2      | Found a faded altar of an unknown god.
   821 | D:2      | Reached skill level 1 in Armour
   830 | D:2      | Reached XP level 4. HP: 30/41 MP: 3/3
   854 | D:2      | Found Xefyogu's Book Shop.
   883 | D:2      | Found Ynianych's Antique Armour Emporium.
  1581 | D:3      | Found a burning altar of Makhleb.
  1587 | D:3      | Found a glowing silver altar of Zin.
  1587 | D:3      | Noticed an angel
  1588 | D:3      | Noticed a blizzard demon
  1594 | D:3      | Became a worshipper of Makhleb the Destroyer
  1619 | D:3      | Noticed Natasha
  1629 | D:3      | Killed Natasha
  1670 | D:3      | Reached XP level 5. HP: 45/49 MP: 4/4
  1913 | D:3      | Noticed Natasha
  1922 | D:3      | Killed Natasha
  1963 | D:3      | Reached skill level 1 in Invocations
  2406 | D:4      | Reached XP level 6. HP: 35/57 MP: 5/5
  2424 | D:4      | Reached * piety under Makhleb
  2456 | D:4      | You fall into a shaft and drop 1 floor!
  2456 | D:5      | Entered Level 5 of the Dungeon
  2696 | D:4      | Gained mutation: Your flesh is heat resistant. (rF+)
                  | [potion of mutation]
  2696 | D:4      | Gained mutation: You are strong-willed. (Will+) [potion of
                  | mutation]
  2696 | D:4      | Gained mutation: You have hidden genetic potential. [potion
                  | of mutation]
  2767 | D:4      | Reached XP level 7. HP: 66/66 MP: 7/7
  3042 | D:4      | Gained mutation: Your mind is acute. (Int +4, Str/Dex -1)
                  | [hidden potential]
  3144 | D:5      | HP: 2/61 [wight/+3 battleaxe of freezing (17)]
  3144 | D:5      | Slain by a wight

Illustrated notes

Levels and vault maps discovered:
D:1:      ldierk_walled_garden_2, layout_loops_ring
D:2:      layout_loops_ring, serial_shops, nicolae_shop_getting_attention,
          nicolae_lakefront_shop, shop, nicolae_shop_tiny_waterfront,
          hellmonk_ecumenical_altar_zigzags, serial_park_tiny_1
D:3:      layout_basic, grunt_temple_overflow_order_and_chaos_2,
          minmay_fractal_squares_5, uniq_natasha
D:4:      layout_loops_cross
D:5:      layout_cave_pools

Skill      XL: |  1  2  3  4  5  6 |
---------------+-------------------+-----
Fighting       | 1 2 |  2.8
Dodging        | 2 3 |  3.2
Armour         | 1 2 |  2.6
Invocations    | 1 2 |  2.3
Unarmed Combat | 4 |  4.6
Shapeshifting  | 4 |  4.3
Evocations     | |  0.1

Action                     |  1- 3 |  4- 6 |  7- 9 || total
---------------------------+-------+-------+-------++-------
  Melee: Unarmed           |    67 |   141 |    29 ||   237
         Punch             |     1 |     3 |     1 ||     5
    Use: Scroll            |       |     9 |     2 ||    11
         Potion            |       |     6 |       ||     6
   Stab: Sleeping          |       |     2 |       ||     2
 Armour: Animal skin       |    26 |    35 |     4 ||    65
         Skin              |       |    26 |       ||    26
  Dodge: Dodged            |    29 |    53 |    12 ||    94
  Block: Other             |       |    17 |     4 ||    21

Table legend: (Time is in decaauts)
 A = Elapsed time spent in this place.
 B = Non-inter-level travel time spent in this place.
 C = Inter-level travel time spent in this place.
 D = Time resting spent in this place.
 E = Time spent auto-exploring this place.
 F = Levels seen in this place.
 G = Mean time per level.
                   A        B        C        D        E       F      G
               +--------+--------+--------+--------+--------+-----+--------+
         Total |   3140 |   2988 |    152 |    176 |   1914 |   5 |  628.0 |
       Dungeon |   3140 |   2988 |    152 |    176 |   1914 |   5 |  628.0 |
               +--------+--------+--------+--------+--------+-----+--------+

Top non-repeatable levels by time:
     D:3: 917 daAuts
     D:2: 827 daAuts
     D:4: 803 daAuts
     D:1: 506 daAuts
     D:5: 86 daAuts
